 Dungeon Crawl Stone Soup version 0.22-a0-830-gf552829 (webtiles) character file.

150 smeego the Slasher (level 5, -1/36 HPs)
             Began as an Octopode Monk on July 25, 2018.
             Was a Believer of Dithmenos.
             Slain by Grinder (6 damage)
             ... while paralysed by Grinder
             ... on level 3 of the Dungeon.
             The game lasted 00:03:22 (2372 turns).

smeego the Slasher (Octopode Monk)                  Turns: 2372, Time: 00:03:23

Health: -1/36      AC:  1    Str: 15    XL:     5   Next: 32%
Magic:  5/5        EV:  2    Int: 12    God:    Dithmenos [**....]
Gold:   219        SH:  0    Dex: 16    Spells: 4/4 levels left

rFire    . . .     SeeInvis .   d - +0 dagger (curse)
rCold    . . .     Gourm    .   e - +1 buckler
rNeg     . . .     Faith    .   (helmet restricted)
rPois    .         Spirit   .   (no amulet)
rElec    .         Reflect  .   (no ring)
rCorr    .         Harm     .   (no ring)
MR       .....                  (no ring)
Stlth    +++++.....             (no ring)
HPRegen  0.12/turn              (no ring)
MPRegen  0.09/turn              (no ring)
                                (no ring)
                                (no ring)

@: paralysed, mighty, wreathed by umbra
A: almost no armour, stealthy swim, amphibious, 8 rings, constrict 8, camouflage
1, gelatinous body 1
a: Shadow Step, Renounce Religion


You were on level 3 of the Dungeon.
You worshipped Dithmenos.
Dithmenos was pleased with you.
You were hungry.

You visited 1 branch of the dungeon, and saw 3 of its levels.

You collected 219 gold pieces.

Inventory:

Hand Weapons
 a - a +1 falchion
 d - a cursed +0 dagger (weapon)
 h - a +0 dagger
 i - a +0 blowgun
 o - a +0 rapier
Missiles
 j - 4 poisoned needles
Armour
 e - a +1 buckler (worn)
Jewellery
 m - an uncursed amulet of harm {unknown}
Potions
 c - a potion of cancellation {unknown}
 f - 2 potions of invisibility {unknown}
 g - 2 potions of might
 k - 2 potions of haste {unknown}
 l - a potion of mutation {unknown}
 p - 3 potions of curing {unknown}
 q - a potion of berserk rage {unknown}
 r - a potion of ambrosia {unknown}
Comestibles
 b - 7 rations


   Skills:
 + Level 3.5 Fighting
 * Level 4.1 Long Blades
 + Level 3.5 Dodging
 + Level 3.8 Stealth
 + Level 0.1 Shields
 + Level 1.7 Unarmed Combat
 + Level 1.0 Invocations


You had 4 spell levels left.
You didn't know any spells.
Your spell library was empty.

Dungeon Overview and Level Annotations

Branches:
Dungeon (3/15)

Altars:
Cheibriados
Dithmenos
Vehumet

Annotations:
D:3 Grinder


Innate Abilities, Weirdness & Mutations

You cannot wear most types of armour.
You are very stealthy in the water. (Stealth+)
You are amphibious.
You can wear up to eight rings at the same time.
You can use your tentacles to constrict eight enemies at once.
Your skin changes colour to match your surroundings (Stealth+).
Your rubbery body absorbs attacks. (AC +1, EV +1)


Message History

Grinder barely misses you. The frilled lizard misses you.
You barely miss Grinder. Your grab misses Grinder. Grinder gestures at you.
Pain shoots through your body! The frilled lizard barely misses you.
You closely miss Grinder. Your grab misses Grinder. You squeeze Grinder!!
Grinder is heavily wounded.
Grinder says, "Mostly I couldn't keep them alive."
Grinder barely misses you.
The frilled lizard bites you but does no damage.
You hit Grinder. You grab Grinder. You squeeze Grinder.
Grinder is severely wounded.
You constrict Grinder. Grinder gestures at you.
You suddenly lose the ability to move!
You lose your grip on Grinder.
The frilled lizard bites you but does no damage.
Grinder hits you. The frilled lizard bites you. Grinder hits you!
* * * LOW HITPOINT WARNING * * *
You writhe in agony.
You die...

### ##... ##(... .##
#<.... ..### #.....
....#### #.....
#......#####....
#####....%.... #....
#..@l...##.#.. #..#.
#..5....#$.... .K...
#..........### ...#.
#..........>.....# .
#.......##.###.#.#.#
#.....?.##.###..)...
#.......##......##.#
#.......###..#......
##.....#......).....


You could see Grinder and a frilled lizard.

Vanquished Creatures
  3 gnolls (D:2)
  4 adders
  4 worms
  3 dart slugs
  A leopard gecko (D:3)
  2 orcs (D:3)
  6 giant cockroaches
  8 goblins
  9 hobgoblins
  2 jackals (D:2)
  8 bats
  2 frilled lizards (D:2)
  6 kobolds
  4 rats
62 creatures vanquished.

Notes
Turn   | Place    | Note
-------+----------+-------------------------------------------
     0 | D:1      | smeego the Octopode Monk began the quest for the Orb.
     0 | D:1      | Reached XP level 1. HP: 16/16 MP: 1/1
   149 | D:1      | Reached XP level 2. HP: 19/21 MP: 2/2
   534 | D:2      | Reached XP level 3. HP: 24/26 MP: 3/3
   573 | D:2      | Reached skill level 1 in Unarmed Combat
   652 | D:2      | Found a shadowy altar of Dithmenos.
   668 | D:2      | Became a worshipper of Dithmenos the Shadowed
   668 | D:2      | Reached * piety under Dithmenos
   668 | D:2      | Reached ** piety under Dithmenos
   780 | D:2      | Found a snail-covered altar of Cheibriados.
   921 | D:2      | Reached XP level 4. HP: 21/31 MP: 4/4
  1019 | D:2      | Found a radiant altar of Vehumet.
  1170 | D:2      | Reached XP level 5. HP: 9/36 MP: 5/5
  1754 | D:3      | Reached skill level 4 in Long Blades
  1754 | D:3      | Reached skill level 1 in Invocations
  2001 | D:3      | Noticed Grinder
  2359 | D:3      | Paralysed by Grinder for 5 turns
  2370 | D:3      | Paralysed by Grinder for 7 turns
  2372 | D:3      | Slain by Grinder

Vault maps used:
D:1:      dpeg_arrival_simpleton_a
D:2:      vehumet_crystals, kennysheep_slug_shrine,
          nicolae_dithmenos_shadow_blocks
D:3:      makhleb_grotto_becter, first_ration, uniq_grinder

Skill      XL: |  1  2  3  4  5 |
---------------+----------------+-----
Stealth        | 3 |  3.8
Unarmed Combat | 1 |  1.7
Long Blades    | 4 |  4.1
Invocations    | 1 |  1.0
Fighting       | |  3.5
Dodging        | |  3.5
Shields        | |  0.1

Action                   |  1- 3 |  4- 6 || total
-------------------------+-------+-------++-------
Melee: Falchion          |    64 |    42 ||   106
       Tentacles         |    13 |    17 ||    30
       Constrict         |    23 |    19 ||    42
       Dagger            |       |    14 ||    14
       Punch             |       |     1 ||     1
  Use: Scroll            |       |     7 ||     7
       Potion            |       |     1 ||     1
 Stab: Sleeping          |    10 |     6 ||    16
  Eat: Chunk             |       |     4 ||     4
Armor: Skin              |     5 |     5 ||    10
Dodge: Dodged            |    46 |    40 ||    86
Block: Buckler           |       |     4 ||     4
       Rpst.: Falchion   |    13 |    11 ||    24

Table legend:
 A = Spawn XP
 B = Non-spawn XP
 C = Spawn XP percentage of total XP
 D = Spawn monster count
 E = Non-spawn monster count
 F = Spawn count percentage of total count
 G = Total turns spent on level
                    A         B        C        D         E        F      G
               +---------+---------+-------+---------+---------+-------+---------
         Total |       0 |     215 |   0.0 |       0 |      62 |   0.0 |  2372
               +---------+---------+-------+---------+---------+-------+---------
           D:1 |       0 |      27 |   0.0 |       0 |      16 |   0.0 |   516
           D:2 |       0 |     143 |   0.0 |       0 |      32 |   0.0 |  1203
           D:3 |       0 |      45 |   0.0 |       0 |      14 |   0.0 |   653
               +---------+---------+-------+---------+---------+-------+---------
